Bruins vs Avalanche
Created - 20 novembre 2016 at 19:17
Goals
|
Bruins |
1 |
1 |
2 |
4 |
Avalanche |
1 |
3 |
1 |
5 |
|
Shots
|
Bruins |
12 |
4 |
11 |
27 |
Avalanche |
6 |
11 |
8 |
25 |
|
1st period
1. Avalanche , Mikkel Boedker 3 (Corey Perry, Bryan Little) at 12:12 (PP)
2. Bruins , Jarome Iginla 5 (Wojtek Wolski, Henrik Sedin) at 18:23
Penalties :
Matt Cooke (Bos) for Holding (Minor) at 12:05, Andrei Kostitsyn (Col) for Tripping (Minor) at 18:36
2nd period
3. Bruins , Wojtek Wolski 8 (Jarome Iginla) at 0:04 (PP)
4. Avalanche , Paul Stastny 2 (Corey Perry, Jack Johnson) at 0:39
5. Avalanche , Alexander Radulov 2 (Bryan Little, Mikkel Boedker) at 1:29
6. Avalanche , Corey Perry 3 (Paul Stastny) at 13:21
Penalties :
Bryan Little (Col) for Tripping (Minor) at 4:58, Viktor Stalberg (Bos) for Tripping (Minor) at 17:10
3rd period
7. Bruins , Matt Cooke 5 (Nate Prosser, Keaton Ellerby) at 12:05
8. Avalanche , Mikkel Boedker 4 (Bryan Little) at 14:41 (PP)
9. Bruins , Jarome Iginla 6 (Wojtek Wolski, Henrik Sedin) at 19:28 (PP)
Penalties :
Jarome Iginla (Bos) for Roughing (Minor) at 0:15, Jack Johnson (Col) for Tripping (Minor) at 6:41, Daymond Langkow (Bos) for Interference (Minor) at 14:40, David Krejci (Col) for Holding (Minor) at 19:18
Goalie Stats
Karri Ramo (Bos), 11 saves from 12 shots - (0,917), L, 0-3-0, 26:11 minutes
Roberto Luongo (Bos), 9 saves from 13 shots - (0,692), 33:21 minutes
Semyon Varlamov (Col), 23 saves from 27 shots - (0,852), W, 4-4-1, 60:00 minutes
Players Stats for Bruins
Player Name G A P +/- PIM S H SB GA TA FO MP PP MP PK MP
------------------------------------------------------------------------------------
Adam Pineault 0 0 0 0 0 0 3 0 0 1 0/0 11:37 0:00 0:00
Andrew Alberts 0 0 0 -2 0 0 1 5 1 0 0/0 27:44 3:20 2:14
Curtis Glencross 0 0 0 0 0 0 0 0 0 0 0/0 9:28 0:00 1:15
Dave Bolland 0 0 0 0 0 2 1 0 0 0 0/3 13:17 0:12 0:31
Daymond Langkow 0 0 0 0 2 2 1 0 0 0 2/5 15:58 2:21 0:00
Erik Condra 0 0 0 0 0 0 0 0 0 0 0/0 7:16 0:00 0:00
Henrik Sedin 0 2 2 -1 0 3 1 0 0 2 18/35 22:00 3:03 2:07
Jarome Iginla 2 1 3 -1 2 5 4 2 0 0 2/2 20:30 3:03 0:31
Jason Demers 0 0 0 -2 0 3 3 0 0 4 0/0 27:44 3:20 2:14
Justin Falk 0 0 0 1 0 0 3 1 0 0 0/0 20:31 2:16 1:52
Keaton Ellerby 0 1 1 0 0 0 0 0 0 1 0/0 11:45 0:00 0:00
Mark Stuart 0 0 0 1 0 0 2 1 0 2 0/0 20:31 2:16 1:52
Matt Cooke 1 0 1 0 2 1 0 1 1 0 0/0 16:26 2:21 0:28
Matt Hendricks 0 0 0 0 0 0 0 0 0 0 1/3 7:16 0:00 0:00
Nate Prosser 0 1 1 0 0 2 0 0 1 1 0/0 11:45 0:00 0:00
Victor Oreskovich 0 0 0 0 0 2 4 0 0 0 1/2 17:12 2:21 1:13
Viktor Stalberg 0 0 0 0 2 2 0 0 0 0 0/0 12:38 0:12 0:00
Wojtek Wolski 1 2 3 -1 0 5 2 1 2 0 4/8 22:12 3:15 2:07
Players Stats for Avalanche
Player Name G A P +/- PIM S H SB GA TA FO MP PP MP PK MP
------------------------------------------------------------------------------------
Alexander Radulov 1 0 1 1 0 2 2 0 1 0 0/1 18:40 1:44 1:27
Andrei Kostitsyn 0 0 0 1 2 1 3 1 1 0 0/1 18:18 1:44 0:36
Andrew Ladd 0 0 0 0 0 1 2 1 2 0 0/1 11:41 0:00 1:22
Brandon Yip 0 0 0 -1 0 0 2 0 0 0 0/0 9:32 0:00 0:00
Bryan Little 0 3 3 1 2 2 1 0 1 0 14/25 18:12 2:22 0:00
Chuck Kobasew 0 0 0 0 0 0 1 0 0 0 0/0 13:19 0:00 3:16
Corey Perry 1 2 3 1 0 7 1 0 0 0 0/0 17:36 2:22 0:00
David Krejci 0 0 0 0 2 0 1 0 0 0 2/4 9:31 0:00 0:00
Jack Johnson 0 1 1 0 2 1 5 0 2 1 0/0 22:12 2:46 1:11
Jay Bouwmeester 0 0 0 0 0 0 1 0 2 0 0/0 20:06 2:37 0:43
Kyle Turris 0 0 0 -1 0 2 0 0 0 0 1/1 9:32 0:00 0:00
Marc Staal 0 0 0 0 0 1 0 0 0 0 0/0 23:39 0:34 3:33
Mikkel Boedker 2 1 3 1 0 4 0 0 2 0 1/1 16:50 2:22 0:00
Paul Stastny 1 1 2 1 0 2 0 2 0 0 12/24 20:16 1:44 3:09
Pernell Karl Subban 0 0 0 1 0 0 4 2 0 0 0/0 19:58 2:09 3:45
Richard Jackman 0 0 0 1 0 1 2 0 0 4 0/0 15:20 0:06 0:00
Ryan Smyth 0 0 0 -1 0 0 2 1 0 0 0/0 10:54 0:00 1:22
Shane O'Brien 0 0 0 0 0 1 2 0 0 0 0/0 18:44 0:00 2:00
3 Stars
1 - Mikkel Boedker (Col)
2 - Jarome Iginla (Bos)
3 - Corey Perry (Col)
Power Play
Bruins - 2 on 4 Attempt(s) - 50,00%
Avalanche - 2 on 4 Attempt(s) - 50,00%
Penalty Kill
Bruins - 2 on 4 Attempt(s) - 50,00%
- Score 0 goal in Penalty Kill
Avalanche - 2 on 4 Attempt(s) - 50,00%
- Score 0 goal in Penalty Kill
Team Stat
Bruins - Hits : 25 - Faceoff Wins : 28 - Blocked Shots : 11 - Penalty Minutes : 8
Avalanche - Hits : 29 - Faceoff Wins : 30 - Blocked Shots : 7 - Penalty Minutes : 8
Official
Referees : Sutherland Kelly and Dwyer Gord
Linesman : Dan Schachte and Don Henderson
Game Notes
12:12 of 1st period - Avalanche goal is going for a video replay. After video review, Goal.
Karri Ramo enters game at 13:21 of 2nd period
Finance
Level 1 -- Attendance: 5538 (92,30%) -- Ticket Income 465 192 $
Level 2 -- Attendance: 5000 (100,00%) -- Ticket Income 250 000 $
Level 3 -- Attendance: 1947 (97,35%) -- Ticket Income 54 516 $
Level 4 -- Attendance: 4000 (100,00%) -- Ticket Income 72 000 $
Luxury Box -- Attendance: 723 (72,30%) -- Ticket Income 120 741 $
Game was played at the Pepsi Center.
Total Attendance: 17208 (95,60%)
Total Ticket Income: 962 449 $
Other Income: 144 367 $
Total Income: 1 106 816 $
Bruins
5 vs 5 Forward
Center Left Wing Right Wing Time % Phy DF OF
1 Henrik Sedin Wojtek Wolski Jarome Iginla 40 1 2 2
2 Daymond Langkow Matt Cooke Victor Oreskovich 30 1 2 2
3 Dave Bolland Viktor Stalberg Adam Pineault 20 1 2 2
4 Matt Hendricks Curtis Glencross Erik Condra 10 1 2 2
5 vs 5 Defense
Defense Defense Time % Phy DF OF
1 Jason Demers Andrew Alberts 40 1 2 2
2 Justin Falk Mark Stuart 30 1 2 2
3 Nate Prosser Keaton Ellerby 20 1 2 2
4 Jason Demers Andrew Alberts 10 1 2 2
PowerPlay Forward
Center Left Wing Right Wing Time % Phy DF OF
1 Henrik Sedin Wojtek Wolski Jarome Iginla 60 1 2 2
2 Daymond Langkow Matt Cooke Victor Oreskovich 40 1 2 2
PowerPlay Defense
Defense Defense Time % Phy DF OF
1 Jason Demers Andrew Alberts 60 1 2 2
2 Justin Falk Mark Stuart 40 1 2 2
Penalty Kill 4 Players Forward
Center Wing Time % Phy DF OF
1 Wojtek Wolski Henrik Sedin 60 1 2 2
2 Jarome Iginla Victor Oreskovich 40 1 2 2
Penalty Kill 4 Players Defense
Defense Defense Time % Phy DF OF
1 Jason Demers Andrew Alberts 60 1 2 2
2 Justin Falk Mark Stuart 40 1 2 2
Penalty Kill - 3 Players Forward
Forward Time % Phy DF OF
1 Wojtek Wolski 60 1 2 2
2 Henrik Sedin 40 1 2 2
Penalty Kill - 3 Players Defense
Defense Defense Time % Phy DF OF
1 Jason Demers Andrew Alberts 60 1 2 2
2 Justin Falk Mark Stuart 40 1 2 2
4 vs 4 Forward
Center Wing Time % Phy DF OF
1 Wojtek Wolski Henrik Sedin 60 1 2 2
2 Jarome Iginla Victor Oreskovich 40 1 2 2
4 vs 4 Defense
Defense Defense Time % Phy DF OF
1 Jason Demers Andrew Alberts 60 1 2 2
2 Justin Falk Mark Stuart 40 1 2 2
Last Minutes Offensive
Center Left Wing Right Wing Defense Defense
Henrik Sedin Wojtek Wolski Jarome Iginla Jason Demers Andrew Alberts
Last Minutes Defensive
Center Left Wing Right Wing Defense Defense
Henrik Sedin Wojtek Wolski Jarome Iginla Jason Demers Andrew Alberts
Goaltenders
Starting : Roberto Luongo
Backup : Karri Ramo
Extra Forwards
Normal : Dave Bolland, Viktor Stalberg, Curtis Glencross - PP : Dave Bolland, Viktor Stalberg - PK : Curtis Glencross
Extra Defensemen
Normal : Nate Prosser, Keaton Ellerby, Justin Falk - PP : Nate Prosser - PK : Keaton Ellerby, Justin Falk
Penalty Shots
Wojtek Wolski, Henrik Sedin, Jarome Iginla, Victor Oreskovich, Matt Cooke
Avalanche
5 vs 5 Forward
Center Left Wing Right Wing Time % Phy DF OF
1 Bryan Little Mikkel Boedker Alexander Radulov 35 1 2 2
2 Paul Stastny Andrei Kostitsyn Corey Perry 35 1 2 2
3 David Krejci Andrew Ladd Chuck Kobasew 15 1 2 2
4 Kyle Turris Ryan Smyth Brandon Yip 15 1 2 2
5 vs 5 Defense
Defense Defense Time % Phy DF OF
1 Jack Johnson Jay Bouwmeester 35 1 2 2
2 Shane O'Brien Marc Staal 35 1 2 2
3 Richard Jackman Pernell Karl Subban 30 1 2 2
4 Jack Johnson Marc Staal 0 1 2 2
PowerPlay Forward
Center Left Wing Right Wing Time % Phy DF OF
1 Bryan Little Mikkel Boedker Corey Perry 60 1 2 2
2 Paul Stastny Andrei Kostitsyn Alexander Radulov 40 1 2 2
PowerPlay Defense
Defense Defense Time % Phy DF OF
1 Jack Johnson Jay Bouwmeester 60 1 2 2
2 Pernell Karl Subban Jay Bouwmeester 40 1 2 2
Penalty Kill 4 Players Forward
Center Wing Time % Phy DF OF
1 Paul Stastny Chuck Kobasew 60 1 2 2
2 Ryan Smyth Andrew Ladd 40 1 2 2
Penalty Kill 4 Players Defense
Defense Defense Time % Phy DF OF
1 Pernell Karl Subban Marc Staal 60 1 2 2
2 Shane O'Brien Jack Johnson 40 1 2 2
Penalty Kill - 3 Players Forward
Forward Time % Phy DF OF
1 Corey Perry 60 1 2 2
2 Andrei Kostitsyn 40 1 2 2
Penalty Kill - 3 Players Defense
Defense Defense Time % Phy DF OF
1 Jack Johnson Marc Staal 60 1 2 2
2 Shane O'Brien Pernell Karl Subban 40 1 2 2
4 vs 4 Forward
Center Wing Time % Phy DF OF
1 Corey Perry Andrei Kostitsyn 60 1 2 2
2 Bryan Little Mikkel Boedker 40 1 2 2
4 vs 4 Defense
Defense Defense Time % Phy DF OF
1 Jack Johnson Marc Staal 60 1 2 2
2 Shane O'Brien Jay Bouwmeester 40 1 2 2
Last Minutes Offensive
Center Left Wing Right Wing Defense Defense
Bryan Little Andrei Kostitsyn Corey Perry Jay Bouwmeester Jack Johnson
Last Minutes Defensive
Center Left Wing Right Wing Defense Defense
Bryan Little Andrew Ladd Chuck Kobasew Jack Johnson Marc Staal
Goaltenders
Starting : Semyon Varlamov
Backup : Dan Ellis
Extra Forwards
Normal : Andrew Ladd, Paul Stastny, Alexander Radulov - PP : Andrew Ladd, Paul Stastny - PK : Alexander Radulov
Extra Defensemen
Normal : Jack Johnson, Pernell Karl Subban, Shane O'Brien - PP : Jack Johnson - PK : Pernell Karl Subban, Shane O'Brien
Penalty Shots
Corey Perry, Andrei Kostitsyn, Bryan Little, Mikkel Boedker, Paul Stastny
% Time on Ice - Bruins
Lines # - Real PCT - Wanted PCT - Time Play
Normal Forward
1 - 35% - 40% - 17:16
2 - 27% - 30% - 13:38
3 - 23% - 20% - 11:37
4 - 15% - 10% - 7:16
Normal Defense
1 - 37% - 40% - 18:32
2 - 33% - 30% - 16:23
3 - 24% - 20% - 11:45
4 - 6% - 10% - 3:07
PP Forward
1 - 58% - 60% - 3:15
2 - 42% - 40% - 2:21
PP Defense
1 - 60% - 60% - 3:20
2 - 40% - 40% - 2:16
PK Forward
1 - 70% - 60% - 2:53
2 - 30% - 40% - 1:13
PK Defense
1 - 54% - 60% - 2:14
2 - 46% - 40% - 1:52
PK3 Forward
1 - 0% - 60%
2 - 0% - 40%
PK3 Defense
1 - 0% - 60%
2 - 0% - 40%
44 Forward
1 - 0% - 60%
2 - 0% - 40%
44 Defense
1 - 0% - 60%
2 - 0% - 40%
Last Minute Offensive - 0:31
Last Minute Defensive - 0:00
Total
Forward - 60:00
Defense - 60:00
|
% Time on Ice - Avalanche
Lines # - Real PCT - Wanted PCT - Time Play
Normal Forward
1 - 31% - 35% - 15:20
2 - 31% - 35% - 15:23
3 - 19% - 15% - 9:32
4 - 19% - 15% - 9:32
Normal Defense
1 - 38% - 35% - 18:48
2 - 32% - 35% - 15:45
3 - 27% - 30% - 13:38
4 - 3% - 0% - 1:36
PP Forward
1 - 58% - 60% - 2:22
2 - 42% - 40% - 1:44
PP Defense
1 - 63% - 60% - 2:35
2 - 37% - 40% - 1:31
PK Forward
1 - 76% - 60% - 4:14
2 - 24% - 40% - 1:22
PK Defense
1 - 63% - 60% - 3:33
2 - 37% - 40% - 2:03
PK3 Forward
1 - 0% - 60%
2 - 0% - 40%
PK3 Defense
1 - 0% - 60%
2 - 0% - 40%
44 Forward
1 - 0% - 60%
2 - 0% - 40%
44 Defense
1 - 0% - 60%
2 - 0% - 40%
Last Minute Offensive - 0:00
Last Minute Defensive - 0:31
Total
Forward - 60:00
Defense - 60:00
|
Play by Play
1st period
0:01 of 1st period - Henrik Sedin wins face-off versus Bryan Little in neutral zone.
0:04 of 1st period - Jay Bouwmeester is hit by Jason Demers.
0:30 of 1st period - Slapshot by Alexander Radulov.
0:30 of 1st period - Stopped by Roberto Luongo with a rebound.
0:51 of 1st period - Off-side.
0:52 of 1st period - David Krejci wins face-off versus Matt Hendricks in neutral zone.
1:05 of 1st period - Curtis Glencross is hit by Pernell Karl Subban and loses puck.
1:18 of 1st period - Viktor Stalberg is hit by Pernell Karl Subban.
2:05 of 1st period - Wrist shot by Daymond Langkow.
2:05 of 1st period - Stopped by Semyon Varlamov with a rebound.
2:53 of 1st period - Wrist shot by Curtis Glencross.
2:53 of 1st period - Shot Misses the Net.
3:13 of 1st period - Andrei Kostitsyn is hit by Wojtek Wolski and loses puck.
4:22 of 1st period - Jay Bouwmeester is hit by Henrik Sedin and loses puck.
4:56 of 1st period - Mikkel Boedker is hit by Mark Stuart and loses puck.
5:38 of 1st period - Slapshot by Victor Oreskovich.
5:38 of 1st period - Shot Misses the Net.
6:12 of 1st period - Slapshot by Bryan Little.
6:12 of 1st period - Stopped by Roberto Luongo with a rebound.
6:14 of 1st period - Slapshot by Marc Staal.
6:14 of 1st period - Deflect By Mikkel Boedker.
6:14 of 1st period - Shot Misses the Net.
6:14 of 1st period - Puck is out of play.
6:15 of 1st period - Paul Stastny wins face-off versus Henrik Sedin in Bruins zone.
6:22 of 1st period - Wrist shot by Paul Stastny.
6:22 of 1st period - Shot Misses the Net.
6:40 of 1st period - Jack Johnson is hit by Justin Falk and loses puck.
7:52 of 1st period - Justin Falk is hit by Andrei Kostitsyn and loses puck.
8:39 of 1st period - Wrist shot by Adam Pineault.
8:39 of 1st period - Shot Misses the Net.
9:09 of 1st period - Corey Perry is hit by Adam Pineault and loses puck.
9:16 of 1st period - Snap shot by Viktor Stalberg.
9:16 of 1st period - Stopped by Semyon Varlamov with a rebound.
9:18 of 1st period - Slapshot by Justin Falk.
9:18 of 1st period - Deflect By Dave Bolland.
9:18 of 1st period - Stopped by Semyon Varlamov with a rebound.
9:53 of 1st period - Off-side.
9:54 of 1st period - Bryan Little wins face-off versus Wojtek Wolski in neutral zone.
10:22 of 1st period - Justin Falk is hit by Ryan Smyth.
10:34 of 1st period - Keaton Ellerby is hit by Richard Jackman and loses puck.
10:41 of 1st period - Ryan Smyth is hit by Victor Oreskovich and loses puck.
10:52 of 1st period - Snap shot by Victor Oreskovich.
10:52 of 1st period - Shot Misses the Net.
10:54 of 1st period - Snap shot by Victor Oreskovich.
10:54 of 1st period - Stopped by Semyon Varlamov with a rebound.
10:56 of 1st period - Slapshot by Nate Prosser.
10:56 of 1st period - Stopped by Semyon Varlamov with a rebound.
10:58 of 1st period - Snap shot by Matt Cooke.
10:58 of 1st period - Shot Misses the Net.
11:04 of 1st period - Snap shot by Matt Cooke.
11:04 of 1st period - Shot Misses the Net.
11:06 of 1st period - Wrist shot by Daymond Langkow.
11:06 of 1st period - Stopped by Semyon Varlamov without a rebound.
11:07 of 1st period - Henrik Sedin wins face-off versus Bryan Little in Avalanche zone.
11:18 of 1st period - Wrist shot by Bryan Little.
11:18 of 1st period - Stopped by Roberto Luongo without a rebound.
11:19 of 1st period - Henrik Sedin wins face-off versus Bryan Little in Bruins zone.
11:28 of 1st period - Backhand shot by Wojtek Wolski.
11:28 of 1st period - Shot Misses the Net.
11:30 of 1st period - Slapshot by Henrik Sedin.
11:30 of 1st period - Stopped by Semyon Varlamov without a rebound.
11:31 of 1st period - Bryan Little wins face-off versus Henrik Sedin in Avalanche zone.
11:56 of 1st period - Icing by Alexander Radulov.
11:57 of 1st period - Bryan Little wins face-off versus Daymond Langkow in Avalanche zone.
12:05 of 1st period - Minor Penalty to Matt Cooke for Holding.
12:06 of 1st period - Bryan Little wins face-off versus Wojtek Wolski in Bruins zone.
12:08 of 1st period - Snap shot by Corey Perry.
12:08 of 1st period - Stopped by Roberto Luongo with a rebound.
12:10 of 1st period - Snap shot by Corey Perry.
12:10 of 1st period - Shot Misses the Net.
12:12 of 1st period - Wrist shot by Mikkel Boedker.
12:12 of 1st period - Avalanche goal is going for a video replay.
12:12 of 1st period - The goal is good.
12:12 of 1st period - Goal by Mikkel Boedker - Bruins : 0 - Avalanche : 1.
12:13 of 1st period - Paul Stastny wins face-off versus Henrik Sedin in neutral zone.
13:29 of 1st period - Off-side.
13:30 of 1st period - Henrik Sedin wins face-off versus Paul Stastny in neutral zone.
13:33 of 1st period - Wrist shot by Henrik Sedin.
13:33 of 1st period - Stopped by Semyon Varlamov with a rebound.
13:37 of 1st period - Snap shot by Jarome Iginla.
13:37 of 1st period - Stopped by Semyon Varlamov without a rebound.
13:38 of 1st period - Paul Stastny wins face-off versus Henrik Sedin in Avalanche zone.
13:42 of 1st period - Off-side.
13:43 of 1st period - Paul Stastny wins face-off versus Henrik Sedin in neutral zone.
13:56 of 1st period - Snap shot by Henrik Sedin.
13:56 of 1st period - Shot Misses the Net.
14:31 of 1st period - Justin Falk is hit by Brandon Yip and loses puck.
15:20 of 1st period - Slapshot by Paul Stastny.
15:20 of 1st period - Shot Blocked by Andrew Alberts.
15:22 of 1st period - Snap shot by Corey Perry.
15:22 of 1st period - Stopped by Roberto Luongo without a rebound.
15:23 of 1st period - Matt Hendricks wins face-off versus Paul Stastny in Bruins zone.
15:23 of 1st period - Matt Hendricks is hit by Jack Johnson.
15:58 of 1st period - Wrist shot by Wojtek Wolski.
15:58 of 1st period - Stopped by Semyon Varlamov without a rebound.
15:59 of 1st period - Paul Stastny wins face-off versus Daymond Langkow in Avalanche zone.
16:16 of 1st period - Snap shot by Corey Perry.
16:16 of 1st period - Shot Misses the Net.
17:16 of 1st period - Wrist shot by Matt Hendricks.
17:16 of 1st period - Deflect By Curtis Glencross.
17:16 of 1st period - Shot Misses the Net.
17:16 of 1st period - Puck is out of play.
17:17 of 1st period - Jarome Iginla wins face-off versus Bryan Little in Avalanche zone.
17:22 of 1st period - Backhand shot by Wojtek Wolski.
17:22 of 1st period - Stopped by Semyon Varlamov without a rebound.
17:23 of 1st period - Bryan Little wins face-off versus Wojtek Wolski in Avalanche zone.
18:23 of 1st period - Snap shot by Jarome Iginla.
18:23 of 1st period - Goal by Jarome Iginla - Bruins : 1 - Avalanche : 1.
18:24 of 1st period - Victor Oreskovich wins face-off versus Paul Stastny in neutral zone.
18:36 of 1st period - Minor Penalty to Andrei Kostitsyn for Tripping.
18:37 of 1st period - Henrik Sedin wins face-off versus Paul Stastny in Avalanche zone.
Goals for this period are 1 for Bruins vs 1 for Avalanche.
Shots for this period are 12 for Bruins vs 6 for Avalanche.
2nd period
0:01 of 2nd period - Wojtek Wolski wins face-off versus Paul Stastny in neutral zone.
0:04 of 2nd period - Wrist shot by Wojtek Wolski.
0:04 of 2nd period - Goal by Wojtek Wolski - Bruins : 2 - Avalanche : 1.
0:05 of 2nd period - Bryan Little wins face-off versus Henrik Sedin in neutral zone.
0:08 of 2nd period - Wrist shot by Bryan Little.
0:08 of 2nd period - Shot Blocked by Andrew Alberts.
0:30 of 2nd period - Jason Demers is hit by Andrei Kostitsyn and loses puck.
0:39 of 2nd period - Snap shot by Paul Stastny.
0:39 of 2nd period - Goal by Paul Stastny - Bruins : 2 - Avalanche : 2.
0:40 of 2nd period - Henrik Sedin wins face-off versus Paul Stastny in neutral zone.
0:54 of 2nd period - Icing by Paul Stastny.
0:55 of 2nd period - Paul Stastny wins face-off versus Victor Oreskovich in Avalanche zone.
1:12 of 2nd period - Jason Demers is hit by Jay Bouwmeester and loses puck.
1:21 of 2nd period - Wrist shot by Andrei Kostitsyn.
1:21 of 2nd period - Shot Blocked by Matt Cooke.
1:23 of 2nd period - Wrist shot by Corey Perry.
1:23 of 2nd period - Stopped by Roberto Luongo without a rebound.
1:24 of 2nd period - Mikkel Boedker wins face-off versus Henrik Sedin in Bruins zone.
1:27 of 2nd period - Slapshot by Bryan Little.
1:27 of 2nd period - Shot Misses the Net.
1:29 of 2nd period - Wrist shot by Alexander Radulov.
1:29 of 2nd period - Goal by Alexander Radulov - Bruins : 2 - Avalanche : 3.
1:30 of 2nd period - Bryan Little wins face-off versus Henrik Sedin in neutral zone.
2:54 of 2nd period - Off-side.
2:55 of 2nd period - Daymond Langkow wins face-off versus Alexander Radulov in neutral zone.
3:22 of 2nd period - Shane O'Brien is hit by Jarome Iginla and loses puck.
3:57 of 2nd period - Kyle Turris is hit by Justin Falk and loses puck.
4:58 of 2nd period - Minor Penalty to Bryan Little for Tripping.
4:59 of 2nd period - Henrik Sedin wins face-off versus Paul Stastny in Avalanche zone.
6:10 of 2nd period - Jarome Iginla is hit by Alexander Radulov and loses puck.
6:51 of 2nd period - Viktor Stalberg is hit by Alexander Radulov and loses puck.
6:58 of 2nd period - Penalty to Bryan Little is over, Bryan Little is back on ice.
7:59 of 2nd period - Wrist shot by Kyle Turris.
7:59 of 2nd period - Shot Misses the Net.
8:01 of 2nd period - Backhand shot by Pernell Karl Subban.
8:01 of 2nd period - Deflect By Brandon Yip.
8:01 of 2nd period - Shot Blocked by Wojtek Wolski.
8:01 of 2nd period - Puck is out of play.
8:02 of 2nd period - Henrik Sedin wins face-off versus David Krejci in Bruins zone.
8:23 of 2nd period - Andrew Alberts is hit by Ryan Smyth and loses puck.
8:46 of 2nd period - Adam Pineault is hit by David Krejci and loses puck.
8:59 of 2nd period - Wrist shot by Curtis Glencross.
8:59 of 2nd period - Shot Blocked by Andrew Ladd.
9:47 of 2nd period - Shane O'Brien is hit by Daymond Langkow and loses puck.
9:54 of 2nd period - Slapshot by Daymond Langkow.
9:54 of 2nd period - Shot Misses the Net.
9:56 of 2nd period - Slapshot by Jason Demers.
9:56 of 2nd period - Stopped by Semyon Varlamov without a rebound.
9:57 of 2nd period - Kyle Turris wins face-off versus Henrik Sedin in Avalanche zone.
10:02 of 2nd period - Jarome Iginla is hit by Brandon Yip and loses puck.
10:23 of 2nd period - Jay Bouwmeester is hit by Adam Pineault and loses puck.
10:32 of 2nd period - Wrist shot by Dave Bolland.
10:32 of 2nd period - Stopped by Semyon Varlamov without a rebound.
10:33 of 2nd period - Henrik Sedin wins face-off versus Paul Stastny in Avalanche zone.
10:34 of 2nd period - Snap shot by Wojtek Wolski.
10:34 of 2nd period - Shot Blocked by Paul Stastny.
11:23 of 2nd period - Backhand shot by Andrew Ladd.
11:23 of 2nd period - Stopped by Roberto Luongo with a rebound.
11:49 of 2nd period - Slapshot by Keaton Ellerby.
11:49 of 2nd period - Shot Blocked by Ryan Smyth.
12:03 of 2nd period - Corey Perry is hit by Jarome Iginla and loses puck.
12:57 of 2nd period - Icing by Dave Bolland.
12:58 of 2nd period - Paul Stastny wins face-off versus Dave Bolland in Bruins zone.
13:03 of 2nd period - Wrist shot by Paul Stastny.
13:03 of 2nd period - Stopped by Roberto Luongo without a rebound.
13:04 of 2nd period - Paul Stastny wins face-off versus Henrik Sedin in Bruins zone.
13:13 of 2nd period - Snap shot by Andrei Kostitsyn.
13:13 of 2nd period - Shot Misses the Net.
13:15 of 2nd period - Slapshot by Richard Jackman.
13:15 of 2nd period - Deflect By Corey Perry.
13:15 of 2nd period - Shot Misses the Net.
13:15 of 2nd period - Puck is out of play.
13:16 of 2nd period - Paul Stastny wins face-off versus Henrik Sedin in Bruins zone.
13:17 of 2nd period - Wrist shot by Corey Perry.
13:17 of 2nd period - Stopped by Roberto Luongo with a rebound.
13:21 of 2nd period - Snap shot by Corey Perry.
13:21 of 2nd period - Goal by Corey Perry - Bruins : 2 - Avalanche : 4.
13:21 of 2nd period - Karri Ramo enters game.
13:22 of 2nd period - Paul Stastny wins face-off versus Henrik Sedin in neutral zone.
13:27 of 2nd period - Slapshot by Marc Staal.
13:27 of 2nd period - Stopped by Karri Ramo without a rebound.
13:28 of 2nd period - Henrik Sedin wins face-off versus Paul Stastny in Bruins zone.
13:33 of 2nd period - Slapshot by Jason Demers.
13:33 of 2nd period - Stopped by Semyon Varlamov without a rebound.
13:34 of 2nd period - Bryan Little wins face-off versus Henrik Sedin in Avalanche zone.
13:49 of 2nd period - Wrist shot by Mikkel Boedker.
13:49 of 2nd period - Stopped by Karri Ramo with a rebound.
13:56 of 2nd period - Wojtek Wolski is hit by Richard Jackman and loses puck.
14:56 of 2nd period - Off-side.
14:57 of 2nd period - Henrik Sedin wins face-off versus Bryan Little in neutral zone.
15:14 of 2nd period - Wrist shot by Mikkel Boedker.
15:14 of 2nd period - Stopped by Karri Ramo with a rebound.
15:33 of 2nd period - Snap shot by Corey Perry.
15:33 of 2nd period - Stopped by Karri Ramo without a rebound.
15:34 of 2nd period - Bryan Little wins face-off versus Dave Bolland in Bruins zone.
16:02 of 2nd period - Off-side.
16:03 of 2nd period - Henrik Sedin wins face-off versus Andrei Kostitsyn in neutral zone.
16:12 of 2nd period - Wrist shot by Henrik Sedin.
16:12 of 2nd period - Shot Blocked by Andrei Kostitsyn.
16:35 of 2nd period - Bryan Little is hit by Victor Oreskovich and loses puck.
17:10 of 2nd period - Minor Penalty to Viktor Stalberg for Tripping.
17:11 of 2nd period - Wojtek Wolski wins face-off versus Bryan Little in Bruins zone.
18:26 of 2nd period - Pernell Karl Subban is hit by Jason Demers.
18:52 of 2nd period - Victor Oreskovich is hit by Pernell Karl Subban and loses puck.
19:10 of 2nd period - Penalty to Viktor Stalberg is over, Viktor Stalberg is back on ice.
19:19 of 2nd period - Viktor Stalberg is hit by Chuck Kobasew and loses puck.
19:30 of 2nd period - Justin Falk is hit by Andrew Ladd and loses puck.
19:43 of 2nd period - Richard Jackman is hit by Mark Stuart and loses puck.
Goals for this period are 1 for Bruins vs 3 for Avalanche.
Shots for this period are 4 for Bruins vs 11 for Avalanche.
3rd period
0:01 of 3rd period - Paul Stastny wins face-off versus Henrik Sedin in neutral zone.
0:15 of 3rd period - Minor Penalty to Jarome Iginla for Roughing.
0:16 of 3rd period - Wojtek Wolski wins face-off versus Bryan Little in Bruins zone.
0:31 of 3rd period - Slapshot by Corey Perry.
0:31 of 3rd period - Shot Misses the Net.
2:00 of 3rd period - Pernell Karl Subban is hit by Victor Oreskovich and loses puck.
2:15 of 3rd period - Penalty to Jarome Iginla is over, Jarome Iginla is back on ice.
2:45 of 3rd period - Wrist shot by Kyle Turris.
2:45 of 3rd period - Stopped by Karri Ramo with a rebound.
2:47 of 3rd period - Slapshot by Richard Jackman.
2:47 of 3rd period - Stopped by Karri Ramo with a rebound.
3:39 of 3rd period - Andrei Kostitsyn is hit by Jarome Iginla and loses puck.
4:18 of 3rd period - Shane O'Brien is hit by Wojtek Wolski and loses puck.
4:31 of 3rd period - Henrik Sedin is hit by Pernell Karl Subban and loses puck.
5:12 of 3rd period - Jason Demers is hit by Andrew Ladd and loses puck.
5:27 of 3rd period - Adam Pineault is hit by Shane O'Brien and loses puck.
5:42 of 3rd period - Ryan Smyth is hit by Jarome Iginla and loses puck.
5:55 of 3rd period - Snap shot by Curtis Glencross.
5:55 of 3rd period - Shot Blocked by Pernell Karl Subban.
6:21 of 3rd period - Wrist shot by Victor Oreskovich.
6:21 of 3rd period - Stopped by Semyon Varlamov without a rebound.
6:22 of 3rd period - Henrik Sedin wins face-off versus Paul Stastny in Avalanche zone.
6:27 of 3rd period - Wrist shot by Henrik Sedin.
6:27 of 3rd period - Shot Misses the Net.
6:29 of 3rd period - Slapshot by Jarome Iginla.
6:29 of 3rd period - Shot Blocked by Paul Stastny.
6:31 of 3rd period - Wrist shot by Henrik Sedin.
6:31 of 3rd period - Stopped by Semyon Varlamov with a rebound.
6:37 of 3rd period - Backhand shot by Jarome Iginla.
6:37 of 3rd period - Stopped by Semyon Varlamov without a rebound.
6:38 of 3rd period - Bryan Little wins face-off versus Daymond Langkow in Avalanche zone.
6:38 of 3rd period - Bryan Little is hit by Justin Falk.
6:41 of 3rd period - Minor Penalty to Jack Johnson for Tripping.
6:42 of 3rd period - Paul Stastny wins face-off versus Henrik Sedin in Avalanche zone.
6:42 of 3rd period - Paul Stastny is hit by Andrew Alberts.
6:55 of 3rd period - Slapshot by Jason Demers.
6:55 of 3rd period - Stopped by Semyon Varlamov without a rebound.
6:56 of 3rd period - Jarome Iginla wins face-off versus Paul Stastny in Avalanche zone.
7:28 of 3rd period - Slapshot by Justin Falk.
7:28 of 3rd period - Shot Misses the Net.
8:18 of 3rd period - Ryan Smyth is hit by Jason Demers and loses puck.
8:41 of 3rd period - Penalty to Jack Johnson is over, Jack Johnson is back on ice.
9:17 of 3rd period - Paul Stastny is hit by Adam Pineault and loses puck.
10:02 of 3rd period - Slapshot by Shane O'Brien.
10:02 of 3rd period - Stopped by Karri Ramo with a rebound.
10:14 of 3rd period - Henrik Sedin is hit by Shane O'Brien and loses puck.
10:35 of 3rd period - Jack Johnson is hit by Victor Oreskovich and loses puck.
10:48 of 3rd period - Curtis Glencross is hit by Bryan Little and loses puck.
10:55 of 3rd period - Wrist shot by Bryan Little.
10:55 of 3rd period - Shot Blocked by Andrew Alberts.
11:18 of 3rd period - Snap shot by Viktor Stalberg.
11:18 of 3rd period - Shot Misses the Net.
12:01 of 3rd period - Snap shot by Matt Cooke.
12:01 of 3rd period - Shot Misses the Net.
12:03 of 3rd period - Slapshot by Nate Prosser.
12:03 of 3rd period - Stopped by Semyon Varlamov with a rebound.
12:05 of 3rd period - Slapshot by Matt Cooke.
12:05 of 3rd period - Goal by Matt Cooke - Bruins : 3 - Avalanche : 4.
12:06 of 3rd period - Bryan Little wins face-off versus Henrik Sedin in neutral zone.
12:11 of 3rd period - Snap shot by Bryan Little.
12:11 of 3rd period - Shot Blocked by Jarome Iginla.
12:13 of 3rd period - Snap shot by Alexander Radulov.
12:13 of 3rd period - Shot Blocked by Jarome Iginla.
12:44 of 3rd period - Wrist shot by Corey Perry.
12:44 of 3rd period - Stopped by Karri Ramo without a rebound.
12:45 of 3rd period - Henrik Sedin wins face-off versus Bryan Little in Bruins zone.
13:10 of 3rd period - Matt Cooke is hit by Corey Perry and loses puck.
13:48 of 3rd period - Icing by Jay Bouwmeester.
13:49 of 3rd period - David Krejci wins face-off versus Matt Hendricks in Avalanche zone.
14:28 of 3rd period - Jarome Iginla is hit by Jack Johnson and loses puck.
14:40 of 3rd period - Minor Penalty to Daymond Langkow for Interference.
14:41 of 3rd period - Bryan Little wins face-off versus Wojtek Wolski in Bruins zone.
14:41 of 3rd period - Slapshot by Mikkel Boedker.
14:41 of 3rd period - Goal by Mikkel Boedker - Bruins : 3 - Avalanche : 5.
14:42 of 3rd period - Henrik Sedin wins face-off versus Bryan Little in neutral zone.
15:56 of 3rd period - Slapshot by Mikkel Boedker.
15:56 of 3rd period - Shot Blocked by Justin Falk.
15:58 of 3rd period - Snap shot by Alexander Radulov.
15:58 of 3rd period - Shot Misses the Net.
16:00 of 3rd period - Slapshot by Jack Johnson.
16:00 of 3rd period - Stopped by Karri Ramo with a rebound.
16:14 of 3rd period - Wojtek Wolski is hit by Jack Johnson.
17:31 of 3rd period - Andrew Alberts is hit by Andrei Kostitsyn and loses puck.
17:36 of 3rd period - Slapshot by Paul Stastny.
17:36 of 3rd period - Shot Blocked by Andrew Alberts.
17:38 of 3rd period - Snap shot by Andrei Kostitsyn.
17:38 of 3rd period - Shot Blocked by Andrew Alberts.
17:58 of 3rd period - Wrist shot by Kyle Turris.
17:58 of 3rd period - Stopped by Karri Ramo without a rebound.
17:59 of 3rd period - Bryan Little wins face-off versus Dave Bolland in Bruins zone.
18:12 of 3rd period - Wrist shot by Viktor Stalberg.
18:12 of 3rd period - Stopped by Semyon Varlamov without a rebound.
18:13 of 3rd period - Henrik Sedin wins face-off versus Bryan Little in Avalanche zone.
18:30 of 3rd period - Slapshot by Bryan Little.
18:30 of 3rd period - Shot Blocked by Mark Stuart.
18:40 of 3rd period - Shane O'Brien is hit by Dave Bolland and loses puck.
18:49 of 3rd period - Snap shot by Andrei Kostitsyn.
18:49 of 3rd period - Stopped by Karri Ramo with a rebound.
18:59 of 3rd period - Slapshot by Pernell Karl Subban.
18:59 of 3rd period - Shot Misses the Net.
19:01 of 3rd period - Slapshot by Pernell Karl Subban.
19:01 of 3rd period - Deflect By David Krejci.
19:01 of 3rd period - Shot Misses the Net.
19:01 of 3rd period - Puck is out of play.
19:02 of 3rd period - Daymond Langkow wins face-off versus David Krejci in Bruins zone.
19:02 of 3rd period - Daymond Langkow is hit by Jack Johnson.
19:10 of 3rd period - Nate Prosser is hit by Jack Johnson and loses puck.
19:18 of 3rd period - Minor Penalty to David Krejci for Holding.
19:19 of 3rd period - Henrik Sedin wins face-off versus Paul Stastny in Avalanche zone.
19:22 of 3rd period - Wrist shot by Henrik Sedin.
19:22 of 3rd period - Shot Misses the Net.
19:24 of 3rd period - Snap shot by Jarome Iginla.
19:24 of 3rd period - Shot Blocked by Pernell Karl Subban.
19:26 of 3rd period - Snap shot by Wojtek Wolski.
19:26 of 3rd period - Stopped by Semyon Varlamov with a rebound.
19:28 of 3rd period - Snap shot by Jarome Iginla.
19:28 of 3rd period - Goal by Jarome Iginla - Bruins : 4 - Avalanche : 5.
19:29 of 3rd period - Wojtek Wolski wins face-off versus Bryan Little in neutral zone.
19:32 of 3rd period - Bruins, Karri Ramo is pulled from the net.
19:38 of 3rd period - Wrist shot by Wojtek Wolski.
19:38 of 3rd period - Stopped by Semyon Varlamov with a rebound.
19:40 of 3rd period - Slapshot by Jarome Iginla.
19:40 of 3rd period - Stopped by Semyon Varlamov without a rebound.
19:41 of 3rd period - Randy Carlyle call a timeout for Bruins.
19:41 of 3rd period - Henrik Sedin wins face-off versus Andrew Ladd in Avalanche zone.
19:42 of 3rd period - Wrist shot by Wojtek Wolski.
19:42 of 3rd period - Deflect By Jarome Iginla.
19:42 of 3rd period - Shot Misses the Net.
19:42 of 3rd period - Puck is out of play.
19:43 of 3rd period - Bryan Little wins face-off versus Henrik Sedin in Avalanche zone.
Goals for this period are 2 for Bruins vs 1 for Avalanche.
Shots for this period are 11 for Bruins vs 8 for Avalanche.
Back to the Top